 Dungeon Crawl Stone Soup version 0.29-a0-998-g1987434951 (webtiles) character file.

Game seed: 15591260534346874157

249 Mesmaeker13 the Scratcher (level 5, -1/24 HPs)
             Began as a Felid Transmuter on Aug 5, 2022.
             Slain by Prince Ribbit (12 damage)
             ... on level 5 of the Dungeon.
             The game lasted 00:07:21 (5043 turns).

Mesmaeker13 the Scratcher (Felid Transmuter)        Turns: 5043, Time: 00:07:22

Health: -1/24      AC:  2    Str:  8    XL:     5   Next: 87%
Magic:  3/9        EV: 20    Int: 14    God:
Gold:   212        SH:  5    Dex: 22    Spells: 2/8 levels left
                                        Lives:  0   Deaths: 1

rFire   . . .      SeeInvis +     - Unarmed
rCold   . . .      Faith    .   (shield unavailable)
rNeg    . . .      Spirit   .   (body armour unavailable)
rPois   x          Reflect  +   (helmet unavailable)
rElec   .          Harm     .   (cloak unavailable)
rCorr   +          Rampage  .   (gloves unavailable)
Will    .....                   (boots unavailable)
Stlth   ++........              r - amulet of reflection
HPRegen 0.08/turn               f - ring of resist corrosion
MPRegen 0.11/turn               (no ring)

@: spider-form (expiring), wereblooded
A: venomous fangs, tiny, (claws 1), (fangs 3), see invisible, (speed 1), (shaggy
fur 2), (stealthy paws), no weapons or thrown items, no armour, multi-lived
a: End Transformation


You were on level 5 of the Dungeon.
You were a venomous arachnid creature.
You visited 1 branch of the dungeon, and saw 5 of its levels.

You collected 212 gold pieces.

Inventory:

Jewellery
 e - an amulet of guardian spirit
 f - a ring of resist corrosion (left front leg)
 r - an amulet of reflection (around neck)
Scrolls
 b - 2 scrolls of teleportation
 c - 2 scrolls of torment
 g - a scroll of noise {unknown}
 j - a scroll of vulnerability
 l - a scroll of enchant weapon {unknown}
 m - a scroll of enchant armour {unknown}
 o - a scroll of silence {unknown}
 p - 2 scrolls of summoning {unknown}
 q - 2 scrolls of butterflies {unknown}
 u - a scroll of immolation {unknown}
 v - a scroll of amnesia {unknown}
Potions
 a - a potion of lignification
 d - 2 potions of mutation {unknown}
 h - 4 potions of berserk rage {unknown}
 i - 2 potions of haste {unknown}
 k - 3 potions of flight
 n - a potion of heal wounds
 s - 4 potions of curing {unknown}
 t - a potion of degeneration {unknown}


   Skills:
 + Level 3.6 Fighting
 - Level 2.6 Dodging
 + Level 4.6 Unarmed Combat
 - Level 2.0 Spellcasting
 + Level 4.4 Transmutations
 + Level 2.1 Poison Magic


You had 2 spell levels left.
You knew the following spells:

 Your Spells              Type           Power      Damage    Failure   Level
a - Beastly Appendage     Tmut           26%        N/A       12%         1
b - Wereblood             Tmut           13%        N/A       17%         2
c - Spider Form           Tmut/Pois      10%        N/A       38%         3

Your spell library contained the following spells:

 Spells                   Type           Power      Damage    Failure   Level
 Necrotise                Necr           4%         1d4       45%         1
 Dazzling Flash           Conj/Hex       2%         N/A       77%         3
 Vampiric Draining        Necr           1%         2d6       77%         3
 Ice Form                 Ice/Tmut       7%         N/A       85%         4
 Agony                    Necr           1%         N/A       100%        5
 Silence                  Hex/Air        0%         N/A       100%        5


Dungeon Overview and Level Annotations

Branches:
Dungeon (5/15)
 Temple: D:4-7

Altars:
Elyvilon
Kikubaaqudgha
Nemelex Xobeh
Trog
Uskayaw
Vehumet
Xom

Shops:
D:5 =(

Annotations:
D:4 4 exclusions, Sigmund
D:5 Prince Ribbit


Innate Abilities, Weirdness & Mutations

You are a venomous arachnid creature.
You have poisonous fangs.
You are tiny and dextrous.
Your spellcasting is less reliable in this form.
((You have sharp claws.))
((You have razor-sharp teeth.))
You have supernaturally acute eyesight. (SInv)
((You cover ground quickly. (Speed+)))
((You are covered in thick fur. (AC +2)))
((Your paws help you pounce on unaware monsters.))
You are incapable of wielding weapons or throwing items.
You cannot wear armour.
You gain extra lives every three experience levels.


Message History

You hit the hound.
The hound looks as sick as possible!
The hound is severely wounded.
The hound barely misses you.
Prince Ribbit croaks regally.
You hit the hound.
You kill the hound!
Prince Ribbit blinks!
Your transformation has ended.
Casting: Wereblood (safe; 6% risk of failure)
Confirm with . or Enter, or press ? or * to list all spells.
The spell is extremely dangerous to miscast (19% risk of failure)!
Continue anyway?
You turn into a venomous arachnid creature.
You barely miss Prince Ribbit.
Prince Ribbit blinks!
Prince Ribbit blinks!
Prince Ribbit barely misses you.
You barely miss Prince Ribbit. Prince Ribbit hits you!
Ouch! That really hurt!
You hit Prince Ribbit.
Prince Ribbit is poisoned.
Prince Ribbit is lightly wounded.
You hiss as the wereblood boils in your veins!
Prince Ribbit closely misses you.
You bite Prince Ribbit!
Prince Ribbit looks as sick as possible!
Prince Ribbit is moderately wounded.
Prince Ribbit misses you. x2
You hit Prince Ribbit.
Prince Ribbit looks as sick as possible!
Prince Ribbit is heavily wounded.
Prince Ribbit closely misses you.
You closely miss Prince Ribbit.
Prince Ribbit is heavily wounded.
You hiss as the wereblood boils in your veins!
Prince Ribbit winks and puckers his lips.
Prince Ribbit closely misses you.
You bite Prince Ribbit!
Prince Ribbit is severely wounded.
Your transformation is almost over.
Prince Ribbit completely misses you. Prince Ribbit hits you!
Ouch! That really hurt!
You die...

. .∩ ...# .#...
######
......#####....#
#..............#
....#######.F..#
# #.s..# ###..#
##.# #.# #.# #.#
..# #.# #.## #.#
###..###### #.#
.........###.#


You could see Prince Ribbit (extremely poisoned).

Vanquished Creatures
  A sky beast (D:5)
  4 hounds (D:5)
  2 orc wizards (D:4)
  8 adders
  A white imp (D:5)
  2 dart slugs
  5 orcs
  7 ball pythons
  A bat (D:1)
  3 endoplasms
  A giant cockroach (D:4)
  8 goblins
  4 jackals (D:2)
  A quokka (D:4)
  A frilled lizard (D:3)
  4 kobolds
  8 rats
61 creatures vanquished.

Vanquished Creatures (others)
  4 fungi
  2 plants (D:2)
6 creatures vanquished.

Grand Total: 67 creatures vanquished

Notes
Turn   | Place    | Note
-------+----------+-------------------------------------------
     0 | D:1      | Mesmaeker13 the Felid Transmuter began the quest for the
                  | Orb.
     0 | D:1      | Reached XP level 1. HP: 9/9 MP: 4/4
   490 | D:1      | Reached XP level 2. HP: 11/12 MP: 4/6
  1298 | D:2      | Learned a level 2 spell: Wereblood
  1738 | D:2      | Found a faded altar of an unknown god.
  1822 | D:2      | Reached XP level 3. HP: 14/16 MP: 5/7
  2024 | D:3      | Found an ancient bone altar of Kikubaaqudgha.
  2771 | D:3      | Found a radiant altar of Vehumet.
  2771 | D:3      | Found the +0 mask of the Dragon {Will+ Slay+3 SInv}
  2994 | D:3      | Reached XP level 4. HP: 20/20 MP: 8/8
  3021 | D:3      | Learned a level 3 spell: Spider Form
  3862 | D:4      | Noticed a black bear
  4098 | D:4      | Found a hide-covered altar of Uskayaw.
  4245 | D:4      | Identified the +3 leather armour of the Dice {Regen+}
  4254 | D:4      | Noticed Sigmund
  4278 | D:5      | Entered Level 5 of the Dungeon
  4314 | D:5      | Found a sparkling altar of Nemelex Xobeh.
  4395 | D:5      | Reached skill level 1 in Poison Magic
  4395 | D:5      | Reached XP level 5. HP: 19/24 MP: 6/9
  4439 | D:5      | Found a white marble altar of Elyvilon.
  4534 | D:5      | Found Urphiosy's Weapon Boutique.
  4536 | D:5      | Noticed a sky beast
  4560 | D:5      | Killed a sky beast
  4561 | D:5      | Gained mutation: You are covered in thick fur. (AC +2)
                  | [Felid growth]
  4561 | D:5      | Reached XP level 6. HP: 19/28 MP: 10/10
  4566 | D:5      | Killed from afar by a white imp
  4567 | D:5      | Reached XP level 5. HP: -1/24 MP: 9/9
  4701 | D:5      | Found a bloodstained altar of Trog.
  4962 | D:5      | Found a shimmering altar of Xom.
  5019 | D:5      | Noticed Prince Ribbit
  5023 | D:5      | Found Gujui's Jewellery Boutique.
  5043 | D:5      | Slain by Prince Ribbit

Illustrated notes

Levels and vault maps discovered:
D:1:      lemuel_arrival_river_ford, layout_basic, nicolae_titane
D:2:      layout_loops_ring, shapermc_ecumenical_altar_mp_urbaneastern
D:3:      layout_basic, nicolae_vehumet_altar_sigil, kiku_gazebo_garden_becter
D:4:      nicolae_BIG_FREAKIN_CUBE, layout_loops_ring,
          eat_drink_and_be_merry_uskayaw, patterned_corridor, uniq_sigmund
D:5:      layout_rooms, mainiacjoe_overflow_chevrons,
          mainiacjoe_overflow_boulevard, mainiacjoe_overflow_cross_hatched,
          elyvilon_altar_5, serial_shops, nicolae_shop_bloodbath_and_beyond,
          nicolae_shop_stone, uniq_prince_ribbit1

Skill      XL: |  1  2  3  4  5 |
---------------+----------------+-----
Transmutations | 3 4 |  4.4
Fighting       | 2 3 |  3.6
Unarmed Combat | 4 |  4.6
Poison Magic   | 1 2 |  2.1
Dodging        | |  2.6
Spellcasting   | |  2.0

Action                   |  1- 3 |  4- 6 || total
-------------------------+-------+-------++-------
Melee: Unarmed           |    97 |   112 ||   209
       Bite              |    11 |     8 ||    19
       Headbutt          |     9 |    14 ||    23
       Punch             |     1 |     2 ||     3
 Cast: Beastly Appendage |    27 |    18 ||    45
       Wereblood         |       |     6 ||     6
       Spider Form       |       |     3 ||     3
  Use: Scroll            |     5 |     1 ||     6
       Potion            |       |     2 ||     2
Armor: Skin              |     5 |     2 ||     7
Dodge: Dodged            |    66 |    75 ||   141
Block: Other             |     5 |    16 ||    21
       Reflection        |       |     1 ||     1

Table legend: (Time is in decaauts)
 A = Elapsed time spent in this place.
 B = Non-inter-level travel time spent in this place.
 C = Inter-level travel time spent in this place.
 D = Time resting spent in this place.
 E = Time spent auto-exploring this place.
 F = Levels seen in this place.
 G = Mean time per level.
                   A        B        C        D        E       F      G
               +--------+--------+--------+--------+--------+-----+--------+
         Total |   4537 |   4469 |     68 |   1113 |   2603 |   5 |  907.4 |
       Dungeon |   4537 |   4469 |     68 |   1113 |   2603 |   5 |  907.4 |
               +--------+--------+--------+--------+--------+-----+--------+

Top non-repeatable levels by time:
     D:3: 1402 daAuts
     D:1: 1123 daAuts
     D:2: 821 daAuts
     D:4: 691 daAuts
     D:5: 498 daAuts
